 Dungeon Crawl Stone Soup version 0.29-a0-378-gc08b2e8bf8 (webtiles) character file.

Game seed: 16386195797588871474

7 Majang the Chopper (level 2, 22/22 HPs)
             Began as a Human Gladiator on May 4, 2022.
             Was a Follower of Vehumet.
             Quit the game on level 1 of the Dungeon.
             The game lasted 00:01:07 (356 turns).

Majang the Chopper (Human Gladiator)                 Turns: 356, Time: 00:01:08

Health: 22/22      AC:  4    Str: 14    XL:     2   Next: 10%
Magic:  2/2        EV: 12    Int:  8    God:    Vehumet [*.....]
Gold:   10         SH:  0    Dex: 14    Spells: 1/1 levels left

rFire   . . .      SeeInvis .   a - +0 war axe
rCold   . . .      Faith    .   (no shield)
rNeg    . . .      Spirit   .   b - +0 leather armour
rPois   .          Reflect  .   c - +0 helmet
rElec   .          Harm     .   (no cloak)
rCorr   .          Rampage  .   (no gloves)
Will    .....                   (no boots)
Stlth   +.........              (no amulet)
HPRegen 0.07/turn               (no ring)
MPRegen 0.08/turn               (no ring)

@: no status effects
A: no striking features
a: Renounce Religion


You were on level 1 of the Dungeon.
You worshipped Vehumet.
Vehumet was aware of your devotion.
You visited 1 branch of the dungeon, and saw 1 of its levels.

You collected 10 gold pieces.

Inventory:

Hand Weapons
 a - a +0 war axe (weapon)
Missiles
 d - 3 throwing nets (quivered)
 e - a javelin
Armour
 b - a +0 leather armour (worn)
 c - a +0 helmet (worn)
Scrolls
 f - a scroll of immolation {unknown}
 g - a scroll of fear {unknown}


   Skills:
 + Level 2.2 Fighting
 * Level 3.3 Axes
 - Level 2.0 Throwing
 - Level 3.0 Dodging


You had one spell level left.
You didn't know any spells.
Your spell library was empty.

Dungeon Overview and Level Annotations

Branches:
Dungeon (1/15)

Altars:
Vehumet


Message History

You hit the bat but do no damage.
The bat is heavily wounded.
The bat barely misses you. The bat hits you.
You barely miss the bat.
The bat is moderately wounded.
The bat barely misses you. The bat misses you.
You hit the bat.
The bat is severely wounded.
The bat hits you but does no damage. x2
The bat hits you. x2
You closely miss the bat. You punch the bat.
You kill the bat!
A ball python comes into view.
The ball python hisses angrily.
You barely miss the ball python. The ball python bites you.
The ball python misses you. The ball python bites you.
The ball python barely misses you.
You slash the ball python!
You kill the ball python!
You have reached level 2!
f - a scroll labelled SIETHRA CIECUBUTZ
g - a scroll labelled DOHOHA HINEBA A goblin comes into view.
It is wielding a +0 club.
Found a faded altar of an unknown god.
The goblin barely misses you.
You closely miss the goblin. The goblin closely misses you.
The goblin misses you.
You closely miss the goblin. The goblin closely misses you.
You slash the goblin!
You kill the goblin!
Things that are here:
a +0 club; a goblin corpse
Found 15 gold pieces.
There is a faded altar of an unknown god here.
You cannot tell which god this altar belongs to.
Convert to them anyway?
Vehumet accepts your prayer! Vehumet welcomes you!
You can now gain magical power from killing.
Vehumet offers you knowledge of Foxfire.
Are you sure you want to abandon this character and quit the game? (Confirm with "yes".)

.#...$ ......
...... .....
#.... #.#.# #.#.#
#@#.#############
#...)...........#
###.###########.#
...# #.## #####
#... ####


There were no monsters in sight!

Vanquished Creatures
  A bat (D:1)
  A giant cockroach (D:1)
  A goblin (D:1)
  A quokka (D:1)
  2 ball pythons (D:1)
  A frilled lizard (D:1)
7 creatures vanquished.

Notes
Turn   | Place    | Note
-------+----------+-------------------------------------------
     0 | D:1      | Majang the Human Gladiator began the quest for the Orb.
     0 | D:1      | Reached XP level 1. HP: 16/16 MP: 1/1
   277 | D:1      | Reached XP level 2. HP: 19/22 MP: 2/2
   344 | D:1      | Found a faded altar of an unknown god.
   355 | D:1      | Prayed at the altar of an unknown god.
   355 | D:1      | Became a worshipper of Vehumet
   355 | D:1      | Reached * piety under Vehumet
   355 | D:1      | Offered knowledge of Foxfire by Vehumet.
   356 | D:1      | Quit the game

Illustrated notes

Levels and vault maps discovered:
D:1:      wander_arrival_abandoned_jail, layout_loops_ring,
          basic_ecumenical_altar, minmay_lizard_king

Action                   || total
-------------------------++-------
Melee: War axe           ||    25
       Punch             ||     1
Armor: Leather armour    ||     7
Dodge: Dodged            ||    35

Table legend: (Time is in decaauts)
 A = Elapsed time spent in this place.
 B = Non-inter-level travel time spent in this place.
 C = Inter-level travel time spent in this place.
 D = Time resting spent in this place.
 E = Time spent auto-exploring this place.
 F = Levels seen in this place.
 G = Mean time per level.
                   A        B        C        D        E       F      G
               +--------+--------+--------+--------+--------+-----+--------+
         Total |    364 |    364 |      0 |    126 |    143 |   1 |  364.0 |
       Dungeon |    364 |    364 |      0 |    126 |    143 |   1 |  364.0 |
               +--------+--------+--------+--------+--------+-----+--------+

Top non-repeatable levels by time:
     D:1: 364 daAuts
